 Dungeon Crawl Stone Soup version 0.23-a0-844-gdc03e01 (console) character file.

77 bli the Ducker (level 4, -4/35 HPs)
             Began as a Merfolk Monk on Jan 26, 2019.
             Splashed by Ijyb's acid (14 damage)
             ... on level 3 of the Dungeon.
             The game lasted 00:04:53 (2451 turns).

bli the Ducker (Merfolk Monk)                       Turns: 2451, Time: 00:04:53

Health: -4/35      AC: -4    Str: 11    XL:     4   Next: 34%
Magic:  4/4        EV: 16    Int:  9    God:
Gold:   121        SH:  0    Dex: 17    Spells: 3/3 levels left

rFire    . . .     SeeInvis .   a - +0 falchion
rCold    . . .     Gourm    .   (no shield)
rNeg     . . .     Faith    .   d - +0 robe
rPois    .         Spirit   .   (no helmet)
rElec    .         Reflect  .   (no cloak)
rCorr    .         Harm     .   (no gloves)
MR       .....     Rnd*Tele +   (no boots)
Stlth    ++........             (no amulet)
HPRegen  0.11/turn              g - -2 ring of protection (curse)
MPRegen  0.09/turn              l - ring of teleportation (curse)

@: corroded
A: change form in water, swift swim, stealthy swim
a: no special abilities


You were on level 3 of the Dungeon.
You were not hungry.

You visited 1 branch of the dungeon, and saw 3 of its levels.

You collected 121 gold pieces.

Inventory:

Hand Weapons
 a - a +0 falchion (weapon)
 b - a +0 dagger
Missiles
 m - 29 stones (quivered)
 o - 16 sling bullets
 q - 21 poisoned needles
Armour
 d - a +0 robe (worn)
 i - a +0 buckler
Jewellery
 g - a cursed -2 ring of protection (left hand)
 l - a cursed ring of teleportation (right hand)
Scrolls
 e - a scroll of enchant weapon
 f - a scroll of immolation {unknown}
 h - a scroll of identify
 n - a scroll of noise {unknown}
 r - a scroll of teleportation {unknown}
 t - a scroll of remove curse {unknown}
Potions
 j - a potion of lignification {unknown}
 k - a potion of agility {unknown}
 p - a potion of curing {unknown}
Comestibles
 c - 3 rations
 s - 3 chunks of flesh


   Skills:
 - Level 3.2 Fighting
 + Level 4.4 Long Blades
 * Level 5.6 Dodging
 - Level 2.1 Stealth


You had 3 spell levels left.
You didn't know any spells.
Your spell library was empty.

Dungeon Overview and Level Annotations

Branches:
Dungeon (3/15)

Altars:

Annotations:
D:3 Ijyb


Message History

The leopard gecko misses you.
You riposte.
You hit the leopard gecko.
You kill the leopard gecko!
You open the door. As you open the door, it creaks loudly!
You start resting.
You hear the slow rusting of a very distant drain.
The adder is too close now for your liking.
There is an open door here.
You open the door.
Found a stone staircase leading up.
You start resting.
You hear the slow rusting of a very distant drain.
You start resting.
You hear the slow rusting of a very distant drain.
Ijyb shouts!
You hear an angry hiss.
There is an open door here.
Ijyb zaps a wand.
The bolt of acid hits you!
* * * LOW HITPOINT WARNING * * *
The acid corrodes you!
You are splashed with acid!
You die...

#..........#
#..........#
#..........#
##+###..........#######
#...............'......
##...............####
........######'##...#
........######.##.#.#
.............#.##.#.#
.............'.##.#.#
........S.?@.####.#.#
......?.....g'....#.#
.....##......######.#
..#+# #....... ..#
#.####### ### #. #


You could see Ijyb and an adder.

Vanquished Creatures
  2 adders
  An ooze (D:2)
  2 worms
  4 dart slugs
  A leopard gecko (D:3)
  6 giant cockroaches
  A goblin (D:3)
  4 hobgoblins
  2 jackals (D:1)
  3 kobolds (D:1)
  A ball python (D:2)
  7 bats
  2 frilled lizards
  4 rats
40 creatures vanquished.

Notes
Turn   | Place    | Note
-------+----------+-------------------------------------------
     0 | D:1      | bli the Merfolk Monk began the quest for the Orb.
     0 | D:1      | Reached XP level 1. HP: 18/18 MP: 1/1
    75 | D:1      | Reached XP level 2. HP: 23/24 MP: 2/2
   221 | D:1      | Reached XP level 3. HP: 17/29 MP: 3/3
   327 | D:1      | Reached skill level 5 in Dodging
  1883 | D:2      | Reached XP level 4. HP: 28/35 MP: 4/4
  2310 | D:3      | Noticed Ijyb
  2451 | D:3      | Splashed by Ijyb's acid

Vault maps used:
D:1:      ncdulo_wetmaze
D:2:      minmay_tall_x
D:3:      first_ration, portal_sewer_entry_e, led_sif_pool, uniq_ijyb,
          uniq_robin

Skill      XL: |  1  2  3 |
---------------+----------+-----
Dodging        | 5 |  5.6
Long Blades    | 4 |  4.4
Fighting       | |  3.2
Stealth        | |  2.1

Action                   |  1- 3 |  4- 6 || total
-------------------------+-------+-------++-------
Melee: Falchion          |   103 |    28 ||   131
       Tailslap          |     4 |       ||     4
  Use: Scroll            |       |     1 ||     1
 Stab: Sleeping          |     5 |     1 ||     6
  Eat: Chunk             |     3 |     2 ||     5
Armor: Robe              |    12 |       ||    12
Dodge: Dodged            |    84 |    14 ||    98
       Rpst.: Falchion   |    26 |     5 ||    31

Table legend:
 A = Non-vault XP
 B = Vault XP
 C = Vault XP percentage of total XP
 D = Non-vault monster count
 E = Vault monster count
 F = Vault count percentage of total count
                 A         B        C        D         E       F
            +---------+---------+-------+---------+---------+-------
      Total |      91 |      20 |  18.0 |      36 |       4 |  10.0
            +---------+---------+-------+---------+---------+-------
        D:1 |      42 |       0 |   0.0 |      21 |       0 |   0.0
        D:2 |      22 |      20 |  47.6 |       9 |       4 |  30.8
        D:3 |      27 |       0 |   0.0 |       6 |       0 |   0.0
            +---------+---------+-------+---------+---------+-------
